 Dungeon Crawl Stone Soup version 0.30-a0-870-gc5d4c5acee (webtiles) character file.

Game seed: 16424750475218267256

39 Gerhazo the Conjurer (level 3, 0/19 HPs)
             Began as a Deep Elf Conjurer on Mar 11, 2023.
             Shot with an arrow by a centaur (9 damage)
             ... on level 5 of the Dungeon.
             The game lasted 00:01:47 (1873 turns).

Gerhazo the Conjurer (Deep Elf Conjurer)            Turns: 1873, Time: 00:01:48

Health: 0/19       AC:  3    Str:  4    XL:     3   Next: 28%
Magic:  7/10       EV: 12    Int: 24    God:
Gold:   54         SH:  5    Dex: 13    Spells: 6/9 levels left

rFire   . . .      SeeInvis .    m - +1 mace (protect)
rCold   . . .      Faith    .    (no shield)
rNeg    . . .      Spirit   .    a - +0 robe
rPois   .          Reflect  +    (no helmet)
rElec   .          Rampage  .    (no cloak)
rCorr   .                        (no gloves)
Will    .....                    n - +0 pair of boots
Stlth   ++                       e - amulet of reflection
HPRegen 0.23/turn                (no ring)
MPRegen 0.12/turn                (no ring)

@: no status effects
A: no striking features
a: no special abilities


You were on level 5 of the Dungeon.
You visited 1 branch of the dungeon, and saw 5 of its levels.

You collected 54 gold pieces.

Inventory:

Hand Weapons
 m - a +1 mace of protection (weapon)
Armour
 a - a +0 robe (worn)
 n - a +0 pair of boots (worn)
Jewellery
 e - an amulet of reflection (around neck)
Scrolls
 c - 5 scrolls of identify {unknown}
 d - 2 scrolls of enchant weapon {unknown}
 f - a scroll of fog {unknown}
 g - a scroll of vulnerability {unknown}
 h - a scroll of poison {unknown}
 i - a scroll of summoning {unknown}
 k - a scroll of teleportation {unknown}
 l - 2 scrolls of enchant armour {unknown}
Potions
 b - a potion of magic
 j - 2 potions of degeneration {unknown}


   Skills:
 + Level 2.4 Dodging
 + Level 2.4 Stealth
 + Level 3.8 Spellcasting
 * Level 5.3 Conjurations
 + Level 0.0 Summonings
 + Level 0.0 Fire Magic


You had 6 spell levels left.
You knew the following spells:

 Your Spells              Type           Power      Damage    Failure   Level
a - Magic Dart            Conj           100%       1d8       1%          1
b - Searing Ray           Conj           60%        2d6       1%          2

Your spell library contained the following spells:

 Spells                   Type           Power      Damage    Failure   Level
 Dazzling Flash           Conj/Hex       34%        N/A       10%         3
 Call Canine Familiar     Summ           4%         N/A       30%         3
 Portal Projectile        Hex/Tloc       8%         N/A       30%         3
 Fulminant Prism          Conj/Hex       8%         3d7       32%         4
 Iskenderun's Mystic Bla  Conj/Tloc      17%        2d5       32%         4
 Leda's Liquefaction      Hex/Erth       2%         N/A       69%         4


Dungeon Overview and Level Annotations

Branches:
Dungeon (5/15)
 Temple: D:4-7

Altars:
Elyvilon
Fedhas
Hepliaklqana
Qazlal
Ru
Sif Muna
Wu Jian


Message History

Found a robe.
Found two altars.
You open the door.
There is an open door here.
Found a stone staircase leading down.
k - a scroll labelled GUSTRA IBBUBBOMEE
l - a scroll labelled WIHONU OPIYQA
c - 5 scrolls labelled KOSOEF NAVVO (gained 1)
You open the door.
There is an open door here.
You see here a +1 mace of protection.
You see here a +1 mace of protection.
Your +1 mace of protection hums with potential!
m - a +1 mace of protection (weapon)
You open the door.
There is an open door here.
Found a pair of boots.
Found a scroll labelled WIHONU OPIYQA.
You see here a +0 pair of boots.
You start putting on your armour.
You continue putting on your +0 pair of boots. x4
You finish putting on your +0 pair of boots.
l - 2 scrolls labelled WIHONU OPIYQA (gained 1)
An orc priest and 3 orcs come into view.
The searing ray hits the orc!
You kill the orc! (Press . to maintain the ray.) Magic restored.
A centaur and a worm come into view.
The searing ray hits the centaur.
The centaur is lightly wounded.
The centaur shouts! (Press . to maintain the ray.)
The centaur wields a +0 shortbow.
The centaur shoots an arrow.
The arrow hits you!
Ouch! That really hurt!
The searing ray hits the centaur.
The centaur is moderately wounded.
The centaur shoots an arrow.
The arrow hits you!
You die...

##########
.w.......##
....c.....
.........#
.........#
#@# #.# #.#
#.# #.#
##### #+#
#.# ....#
#.#######.#
###.#
#.#....##.#
#.#
#.#.##.##.#


You could see a centaur and a worm.

Vanquished Creatures
  2 adders
  An orc (D:5)
  An endoplasm (D:2)
  2 giant cockroaches
  4 goblins
  A hobgoblin (D:4)
  2 quokkas (D:1)
  A ball python (D:1)
  3 kobolds
  A rat (D:1)
18 creatures vanquished.

Notes
Turn   | Place    | Note
-------+----------+-------------------------------------------
     0 | D:1      | Gerhazo the Deep Elf Conjurer began the quest for the Orb.
     0 | D:1      | Reached XP level 1. HP: 10/10 MP: 6/6
   207 | D:1      | Reached XP level 2. HP: 15/15 MP: 5/8
   225 | D:1      | Learned a level 2 spell: Searing Ray
   288 | D:2      | Found a faded altar of an unknown god.
   354 | D:2      | Reached skill level 5 in Conjurations
   536 | D:4      | Found a stormy altar of Qazlal.
   639 | D:4      | Reached XP level 3. HP: 19/19 MP: 6/10
   810 | D:4      | Found a hazy altar of Hepliaklqana.
   810 | D:4      | Found a shimmering blue altar of Sif Muna.
   810 | D:4      | Found a sacrificial altar of Ru.
   897 | D:4      | Found a blossoming altar of Fedhas.
  1617 | D:5      | Entered Level 5 of the Dungeon
  1630 | D:5      | Found a white marble altar of Elyvilon.
  1630 | D:5      | Found an ornate altar of the Wu Jian Council.
  1871 | D:5      | Noticed a centaur
  1873 | D:5      | Shot with an arrow by a centaur

Illustrated notes

Levels and vault maps discovered:
D:1:      arrival_zaba_pyramid, layout_rooms, nicolae_titane
D:2:      layout_basic, dreamdust_ecumenical_altar_statues
D:3:      layout_loops_ring, serial_shops, shop_statue,
          guppyfry_early_lair_pool, uniq_robin
D:4:      layout_layer_cave, mainiacjoe_overflow_alcove_2,
          mainiacjoe_overflow_catwalk, gammafunk_temple_overflow_claw
D:5:      layout_basic, nicolae_overflow_two_pavilions

Skill      XL: |  1  2 |
---------------+-------+-----
Conjurations   | 5 |  5.3
Dodging        | |  2.4
Stealth        | |  2.4
Spellcasting   | |  3.8

Action                     || total
---------------------------++-------
   Cast: Magic Dart        ||    19
         Searing Ray       ||     9

Table legend: (Time is in decaauts)
 A = Elapsed time spent in this place.
 B = Non-inter-level travel time spent in this place.
 C = Inter-level travel time spent in this place.
 D = Time resting spent in this place.
 E = Time spent auto-exploring this place.
 F = Levels seen in this place.
 G = Mean time per level.
                   A        B        C        D        E       F      G
               +--------+--------+--------+--------+--------+-----+--------+
         Total |   1871 |   1825 |     46 |     44 |   1574 |   5 |  374.2 |
       Dungeon |   1871 |   1825 |     46 |     44 |   1574 |   5 |  374.2 |
               +--------+--------+--------+--------+--------+-----+--------+

Top non-repeatable levels by time:
     D:4: 1254 daAuts
     D:1: 288 daAuts
     D:5: 255 daAuts
     D:2: 67 daAuts
     D:3: 5 daAuts
